 Dungeon Crawl Stone Soup version 0.30-a0-1114-gd936c97349 (webtiles) character file.

Game seed: 10709520695490850500

4 BlueFish the Shield-Bearer (level 1, 0/16 HPs)
             Began as an Octopode Fighter on Apr 20, 2023.
             Slain by a kobold
             ... wielding a +0 club
              (4 damage)
             ... on level 1 of the Dungeon.
             The game lasted 00:00:23 (59 turns).

BlueFish the Shield-Bearer (Octopode Fighter)         Turns: 59, Time: 00:00:24

Health: 0/16       AC:  1    Str: 15    XL:     1   Next: 60%
Magic:  1/1        EV: 13    Int: 10    God:
Gold:   0          SH:  4    Dex: 11    Spells: 0/0 levels left

rFire   . . .      SeeInvis .    a - +0 flail
rCold   . . .      Faith    .    b - +0 buckler
rNeg    . . .      Spirit   .    (helmet restricted)
rPois   .          Reflect  .    (no amulet)
rElec   .          Rampage  .    (no ring)
rCorr   .                        (no ring)
Will    .....                    (no ring)
Stlth   ++                       (no ring)
HPRegen 0.22/turn                (no ring)
MPRegen 0.07/turn                (no ring)
                                 (no ring)
                                 (no ring)

@: mighty
A: almost no armour, amphibious, 8 rings, camouflage 1, gelatinous body 1,
(nimble swimmer 1), tentacles
a: no special abilities


You were on level 1 of the Dungeon.
You visited 1 branch of the dungeon, and saw 1 of its levels.

Inventory:

Hand Weapons
 a - a +0 flail (weapon)
Armour
 b - a +0 buckler (worn)
Scrolls
 e - a scroll of enchant armour {unknown}
 f - a scroll of noise {unknown}
Potions
 d - a potion of curing {unknown}


   Skills:
 + Level 3.0 Fighting
 + Level 2.0 Maces & Flails
 + Level 3.0 Dodging
 * Level 0.7 Stealth
 + Level 3.0 Shields
 * Level 0.1 Spellcasting


You couldn't memorise any spells.
You didn't know any spells.
Your spell library contained the following spells:

 Spells                   Type           Power      Damage    Failure   Level
 Sting                    Tmut/Pois      0%         1d3       45%         1
 Poisonous Vapours        Pois/Air       0%         N/A       58%         2
 Olgreb's Toxic Radiance  Pois           0%         N/A       99%         4


Dungeon Overview and Level Annotations

Branches:
Dungeon (1/15)

Altars:


Innate Abilities, Weirdness & Mutations

You cannot wear most types of armour.
You are amphibious.
You can wear up to eight rings at the same time.
Your skin changes colour to match your surroundings (Stealth+).
Your rubbery body absorbs attacks. (AC +1, EV +1)
((You are camouflaged when in or above water. (Stealth+)))
You have tentacles for arms and can constrict up to eight enemies at once.


Message History

You hit the kobold but do no damage. You grab the kobold.
You squeeze the kobold.
You kill the kobold!
A kobold comes into view. It is wielding a +0 dagger.
A bat comes into view.
The endoplasm barely misses you.
The kobold shouts!
You hit the endoplasm.
The endoplasm is lightly wounded.
You hear a shout!
A quokka comes into view.
The endoplasm freezes you.
You are frozen.
You closely miss the bat. You grab the bat. You constrict the bat.
The bat completely misses you.
The bat struggles to escape constriction.
The bat escapes!
The endoplasm freezes you.
You are frozen.
A goblin comes into view. It is wielding a +1 dagger of draining.
The kobold hits you with a +0 club.
You closely miss the kobold. Your grab misses the kobold.
The bat hits you but does no damage. The endoplasm freezes you.
You are frozen.
The kobold misses you. The quokka barely misses you.
The quokka attacks as you move away! The quokka barely misses you.
You sock the endoplasm!
You kill the endoplasm!
The bat barely misses you. The kobold hits you but does no damage.
Okay, then.
You feel very mighty all of a sudden. The bat completely misses you.
The bat barely misses you. The kobold hits you but does no damage.
The kobold misses you.
You closely miss the kobold. Your grab misses the kobold.
Your squeeze misses the kobold. The bat hits you but does no damage.
The bat closely misses you. The kobold closely misses you.
The kobold hits you with a +0 club.
* * * LOW HITPOINT WARNING * * *
The kobold hits you with a +0 club.
You die...

... #.#### ### #....# #
....#.#....#.#
##..#.#......
......#....#...
..?....r.....#
####.g#K# ......K@#
####### #####.Kb#
......# #...### ......#
#.#...#
......########...#..#.
....................(.#
......#############.###
......#####.<.#### .#
...†..##...8.8...# #


You could see a quokka, a goblin, a bat and 3 kobolds.

Vanquished Creatures
  An endoplasm (D:1)
  A giant cockroach (D:1)
  A kobold (D:1)
  A rat (D:1)
4 creatures vanquished.

Notes
Turn   | Place    | Note
-------+----------+-------------------------------------------
     0 | D:1      | BlueFish the Octopode Fighter began the quest for the Orb.
     0 | D:1      | Reached XP level 1. HP: 16/16 MP: 1/1
    59 | D:1      | Slain by a kobold

Illustrated notes

Levels and vault maps discovered:
D:1:      mrwooster_arrival_statue, layout_basic, minmay_lizard_pond

Action                     || total
---------------------------++-------
  Melee: Flail             ||     8
         Constrict         ||     2
         Tentacles         ||     1
    Use: Potion            ||     1
 Armour: Skin              ||     4
  Dodge: Dodged            ||    12

Table legend: (Time is in decaauts)
 A = Elapsed time spent in this place.
 B = Non-inter-level travel time spent in this place.
 C = Inter-level travel time spent in this place.
 D = Time resting spent in this place.
 E = Time spent auto-exploring this place.
 F = Levels seen in this place.
 G = Mean time per level.
                   A        B        C        D        E       F      G
               +--------+--------+--------+--------+--------+-----+--------+
         Total |     61 |     61 |      0 |      0 |     31 |   1 |   61.0 |
       Dungeon |     61 |     61 |      0 |      0 |     31 |   1 |   61.0 |
               +--------+--------+--------+--------+--------+-----+--------+

Top non-repeatable levels by time:
     D:1: 61 daAuts
